AoeStats
← Ux'RaúlME

Arena

506535086Analyzed
3v3 RM · 19d ago on Sep 13, 2026· 32m 52s· 6 players
Game mode
Random Map
Map size
Normal (6 player)
Population
200
Speed
Normal
Resources
Standard
Victory
Conquest
Starting age
Dark Age
Ending age
Imperial Age
RankedLock teamsTeams togetherTeam positionsShared explorationLock speedFull tech treeHidden civsTurbo modeCheats
Victory
Defeat
🇲🇽 Italians · Mexico
1296
+16
🇲🇽 Vikings · Mexico
1264
+17
🇨🇦 Poles · Canada
1223
+19
🇺🇸 Malians · United States
1368
-20
🇧🇪 Portuguese · Belgium
1272
-17
🇧🇪 Franks · Belgium
1233
-15
balgaro
4:03 Loom
12:11 Feudal Age
16:14 Castle Age
14:05 Double-Bit Axe
14:04 Horse Collar
16:08 Wheelbarrow
15:30 Stone Mining
17:37 Heavy Plow
18:19 Bow Saw
18:55 Bow Saw
19:43 Hand Cart
24:55 Scale Barding Armor
25:01 Forging
24:49 Gold Mining
26:25 Szlachta Privileges
26:38 Bloodlines
26:29 Husbandry
28:45 Chain Barding Armor
Ux'RaulitoMD
9:10 Loom
11:23 Feudal Age
15:27 Castle Age
14:22 Double-Bit Axe
15:30 Forging
15:51 Stone Mining
15:44 Horse Collar
18:50 Fletching
21:45 Scale Mail Armor
22:20 Iron Casting
22:49 Gold Mining
24:47 Gold Shaft Mining
25:04 Bodkin Arrow
27:29 Bow Saw
30:23 Imperial Age
27:41 Town Watch
27:57 Murder Holes
28:54 Chain Mail Armor
28:45 Scale Barding Armor
28:45 Padded Archer Armor
30:21 Chieftains
30:10 Gambesons
30:25 Squires
30:11 Arson
29:47 Man-at-Arms
29:48 Pikeman
32:12 Blast Furnace
31:48 Conscription
31:45 Fortified Wall
Ux'RaúlME
9:42 Feudal Age
9:29 Loom
10:19 Loom
13:36 Castle Age
12:20 Stone Mining
12:39 Double-Bit Axe
19:39 Gold Mining
25:07 Imperial Age
25:55 Murder Holes
peterzjx
11:35 Feudal Age
13:30 Wheelbarrow
15:29 Castle Age
13:27 Double-Bit Axe
17:05 Horse Collar
18:48 Loom
23:35 Wheelbarrow
29:19 Imperial Age
27:31 Forging
27:21 Scale Mail Armor
27:25 Gold Mining
27:56 Town Watch
27:50 Man-at-Arms
28:30 Squires
28:44 Heavy Plow
29:24 Chain Mail Armor
29:45 Iron Casting
29:36 Bow Saw
29:18 Long Swordsman
29:44 Arson
31:10 Chemistry
30:08 Two-Handed Swordsman
31:37 Plate Mail Armor
31:28 Champion
NEH
10:04 Feudal Age
11:30 Wheelbarrow
10:40 Loom
13:43 Castle Age
11:57 Gold Mining
12:31 Double-Bit Axe
19:00 Fervor
22:13 Sanctity
23:19 Redemption
25:20 Bow Saw
26:08 Atonement
26:52 Wheelbarrow
31:49 Imperial Age
33:29 Block Printing
33:49 Theocracy
ZAGOR
2:53 Loom
11:51 Feudal Age
15:57 Castle Age
14:14 Double-Bit Axe
15:48 Forging
15:46 Scale Barding Armor
15:40 Gold Mining
16:29 Forging
17:06 Bow Saw
21:15 Chain Barding Armor
22:15 Gold Shaft Mining
24:07 Iron Casting
26:10 Wheelbarrow
26:12 Stone Mining
26:44 Town Watch
30:45 Hand Cart
33:25 Imperial Age
33:06 Town Patrol
33:19 Masonry
33:30 Ballistics
Connection lost

Rejoining the realm…

Still unreachable

The connection could not be restored.

Session expired

The server has moved on; the page needs a fresh start.